 Dungeon Crawl Stone Soup version 0.22.1-1-ga44c0e56f4 (webtiles) character file.

366 D1HalberdGnoll the Skirmisher (level 6, -2/39 HPs)
             Began as a Gargoyle Fighter on Oct 26, 2018.
             Slain by a crocodile (5 damage)
             ... in a sewer.
             The game lasted 00:04:52 (2254 turns).

D1HalberdGnoll the Skirmisher (Gargoyle Fighter)    Turns: 2254, Time: 00:04:52

Health: -2/39      AC: 17    Str: 19 (20) XL:     6   Next: 68%
Magic:  6/6        EV:  8    Int: 13 (14) God:
Gold:   9          SH:  9    Dex: 12 (15) Spells: 5/5 levels left

rFire    . . .     SeeInvis .   q - +0 whip (curse)
rCold    + . .     Gourm    .   c - +0 shield
rNeg     + . .     Faith    .   n - +0 plate armour
rPois    ∞         Spirit   .   (no helmet)
rElec    +         Reflect  .   s - +0 cloak
rCorr    .         Harm     .   (no gloves)
MR       .....                  (no boots)
Stlth    ..........             (no amulet)
HPRegen  0.13/turn              e - ring of protection from cold
MPRegen  0.10/turn              (no ring)

@: brilliant, agile
A: negative energy resistance 1, electricity resistance, unbreathing,
petrification resistance, rot immunity, AC +4
a: no special abilities


You were in a sewer.
You were very hungry.

You visited 1 branch of the dungeon, and saw 4 of its levels.
You also visited: Sewer.

You collected 9 gold pieces.

Inventory:

Hand Weapons
 a - a +0 flail
 q - a cursed +0 whip (weapon)
Armour
 c - a +0 shield (worn)
 n - a +0 plate armour (worn)
 s - a +0 cloak (worn)
Jewellery
 e - a ring of protection from cold (left hand)
Scrolls
 b - a scroll of random uselessness {unknown}
 g - 3 scrolls of remove curse {unknown}
 j - a scroll of amnesia {unknown}
 l - 7 scrolls of teleportation {unknown}
 m - a scroll of identify {unknown}
 p - a scroll of enchant weapon {unknown}
 t - a scroll of fog {unknown}
Potions
 i - 3 potions of degeneration
Comestibles
 f - 5 rations


   Skills:
 + Level 4.6 Fighting
 * Level 4.5 Maces & Flails
 + Level 4.6 Armour
 + Level 4.6 Shields


You had 5 spell levels left.
You didn't know any spells.
Your spell library was empty.

Dungeon Overview and Level Annotations

Branches:
Dungeon (4/15)
 Temple: D:4-7

Altars:
Sif Muna

Annotations:
D:3 2 exclusions


Innate Abilities, Weirdness & Mutations

You are resistant to torment.
Your stone body is resilient. (AC +4)
You are immune to poison.
You resist negative energy. (rN+)
You are resistant to electric shocks. (rElec)
You can survive without breathing.
You are immune to petrification.
You are immune to rotting.


Message History

You hit the crocodile but do no damage.
The crocodile is almost dead.
You block the crocodile's attack.
You hit the crocodile but do no damage.
The crocodile is almost dead.
The crocodile barely misses you.
You closely miss the crocodile.
The crocodile is almost dead.
The crocodile completely misses you.
Okay, then.
You hit the crocodile but do no damage.
The crocodile is almost dead.
The crocodile closely misses you.
You hit the crocodile but do no damage.
The crocodile is almost dead.
The crocodile barely misses you.
You closely miss the crocodile.
The crocodile is almost dead.
The crocodile bites you.
You die...

#.≈.
#≈..#
#..#
##≈.# #.≈
#≈.# #.
#..#
##..#
#...# #.
##≈.##
#..≈#...#
#..≈.@##
#.≈≈.t#
##...##
#...
[≈#≈#
#)(#. ##
##


You could see a crocodile.

Vanquished Creatures
  Sigmund (D:3)
  3 orc wizards (D:3)
  An orc priest (D:3)
  An adder (D:2)
  2 dart slugs
  A worm (D:2)
  A leopard gecko (D:3)
  8 orcs
  9 bats
  3 giant cockroaches (D:1)
  4 goblins (D:1)
  4 hobgoblins
  8 jackals
  7 kobolds
  A quokka (D:2)
  A ball python (D:3)
  3 frilled lizards
  7 rats
65 creatures vanquished.

Notes
Turn   | Place    | Note
-------+----------+-------------------------------------------
     0 | D:1      | D1HalberdGnoll the Gargoyle Fighter began the quest for the
                  | Orb.
     0 | D:1      | Reached XP level 1. HP: 14/14 MP: 1/1
   426 | D:1      | Reached XP level 2. HP: 12/19 MP: 2/2
   793 | D:1      | Reached XP level 3. HP: 21/23 MP: 3/3
  1318 | D:2      | Reached XP level 4. HP: 25/29 MP: 4/4
  1501 | D:2      | You fall through a shaft for 2 floors!
  1553 | D:3      | Noticed Sigmund
  1569 | D:3      | Killed Sigmund
  1569 | D:3      | Reached XP level 5. HP: 20/33 MP: 5/5
  1569 | D:3      | Reached XP level 6. HP: 23/38 MP: 6/6
  2072 | D:3      | Found a deep blue altar of Sif Muna.
  2120 | D:3      | Found a glowing drain.
  2133 | Sewer    | Entered a sewer
  2254 | Sewer    | Slain by a crocodile

Skill      XL: |  1  2  3  4 |
---------------+-------------+-----
Maces & Flails | 3 4 |  4.5
Fighting       | 4 |  4.6
Armour         | 4 |  4.6
Shields        | 4 |  4.6

Action                   |  1- 3 |  4- 6 || total
-------------------------+-------+-------++-------
Melee: Flail             |   134 |       ||   134
       Whip              |    43 |   217 ||   260
  Use: Potion            |       |     7 ||     7
  Eat: Chunk             |     1 |     3 ||     4
Armor: Scale mail        |    69 |       ||    69
       Plate armour      |   109 |   147 ||   256
Dodge: Dodged            |    62 |    29 ||    91
Block: Shield            |   138 |   122 ||   260
